 Dungeon Crawl Stone Soup version 0.24.1 (webtiles) character file.

Game seed: 17754858094661676963, levelgen mode: deterministic

1370 Peloso the Carver (level 8, -4/69 HPs)
             Began as a Minotaur Fighter on Mar 27, 2020.
             Was an Initiate of Okawaru.
             Killed by divine providence
             ... invoked by an orc priest
              (11 damage)
             ... on level 6 of the Dungeon.
             The game lasted 00:11:20 (5273 turns).

Peloso the Carver (Minotaur Fighter)                Turns: 5273, Time: 00:11:20

Health: -4/69      AC: 12    Str: 22    XL:     8   Next: 38%
Magic:  7/7        EV:  7    Int:  5    God:    Okawaru [......]
Gold:   313        SH: 11    Dex: 11    Spells: 7/7 levels left

rFire    . . .     SeeInvis .   a - +0 long sword
rCold    . . .     Gourm    .   c - +1 shield
rNeg     . . .     Faith    .   k - +0 chain mail
rPois    .         Spirit   .   s - +1 hat
rElec    .         Reflect  .   (no cloak)
rCorr    .         Harm     .   m - +0 pair of gloves
MR       .....                  (no boots)
Stlth    ..........             (no amulet)
HPRegen  0.21/turn              r - ring of attention (curse)
MPRegen  0.10/turn              (no ring)

@: no status effects
A: retaliatory headbutt, horns 2
a: Renounce Religion


You were on level 6 of the Dungeon.
You worshipped Okawaru.
Okawaru was noncommittal.
You were not hungry.

You visited 2 branches of the dungeon, and saw 7 of its levels.

You collected 313 gold pieces.

Inventory:

Hand Weapons
 a - a +0 long sword (weapon)
Armour
 b - a +0 scale mail
 c - a +1 shield (worn)
 k - a +0 chain mail (worn)
 m - a +0 pair of gloves (worn)
 s - a +1 hat (worn)
Jewellery
 r - a cursed ring of attention (left hand)
Wands
 e - a wand of flame (24)
 u - a wand of random effects (16)
Scrolls
 g - a scroll of enchant weapon {unknown}
 h - 2 scrolls of fog
 j - a scroll of enchant armour
 n - a scroll of noise
 o - 2 scrolls of identify
 p - a scroll of teleportation {unknown}
 q - a scroll of blinking {unknown}
 t - a scroll of remove curse {unknown}
Potions
 d - a potion of might
 i - 2 potions of flight
 l - a potion of haste
 v - a potion of agility
Comestibles
 f - 12 rations
 w - 6 chunks of flesh


   Skills:
 + Level 5.5 Fighting
 + Level 8.2 Long Blades
 + Level 6.9 Armour
 + Level 1.7 Dodging
 + Level 0.2 Stealth
 + Level 6.6 Shields


You had 7 spell levels left.
You didn't know any spells.
Your spell library contained the following spells:

 Spells                   Type           Power        Failure   Level  Hunger
 Irradiate                Conj/Tmut      #.........   100%        5    ######.
 Hydra Form               Tmut           #.........   100%        6    #######
 Statue Form              Tmut/Erth      #........    100%        6    #######
 Dragon Form              Tmut           #.........   100%        7    #######


Dungeon Overview and Level Annotations

Branches:
Dungeon (6/15)             Temple (1/1) D:6

Altars:
Ashenzari
Cheibriados
Dithmenos
Elyvilon
Fedhas
Gozag
Hepliaklqana
Kikubaaqudgha
Makhleb
Nemelex Xobeh
Okawaru
Ru
Sif Muna
Trog
Uskayaw
Vehumet
Wu Jian
Xom
Zin
The Shining One

Shops:
D:4 :   D:6 %


Innate Abilities, Weirdness & Mutations

You reflexively headbutt those who attack you in melee.
You have a pair of horns on your head.


Message History

The orc wizard flickers and vanishes!
Deactivating autopickup; reactivate with Ctrl-A.
The orc warrior hits you with a +0 hand axe!
* * * LOW HITPOINT WARNING * * *
You slash the orc warrior! You headbutt the orc warrior!
The orc warrior is heavily wounded.
You hear some strange, mumbled words.
The orc warrior hits you with a +0 hand axe.
* * * LOW HITPOINT WARNING * * *
Your shield and chain mail prevent you from hitting the orc warrior.
The orc warrior is heavily wounded.
You slash the orc warrior!
The orc warrior is almost dead.
You block the orc warrior's attack.
You closely miss the orc warrior. Your headbutt misses the orc warrior.
The orc warrior is almost dead.
You block the orc warrior's attack.
The orc priest invokes the aid of Beogh against you.
Beogh smites you!
You die...

... ......Z...#≈≈≈## ..
.........(≈≈≈≈≈## #..>.
#..#.#o...≈≈∩...# ....
#.#......≈≈≈≈≈.# ..#..
##........o≈≈≈..# .# #.
#........oo....## ##
#.##.#..#####{##### #
#......## #o# ###
#...#..# #@# ..###...##.#
#>###### #..........#
##......##
#####..#...####........##
#.##....##..........#
##.##.....#..........#
####..#..[..............#
.........)..#...........#
............##..........#


You could see an orc warrior, an orc priest and 2 orcs.

Vanquished Creatures
  Sigmund (D:5)
  Edmund (D:4)
  An ice beast (D:5)
  An orc warrior (D:6)
  A phantom (D:5)
  An ogre (D:5)
  A bullfrog (D:6)
  2 scorpions
  A howler monkey (D:5)
  A quasit (D:6)
  2 hounds
  2 orc wizards (D:4)
  3 orc priests (D:4)
  2 worker ants
  An iguana (D:5)
  A hound skeleton (D:4)
  4 gnolls (D:5)
  7 adders
  3 shadow imps
  An ooze (D:2)
  An adder skeleton (D:6)
  2 worms
  4 leopard geckos
  10 orcs
  10 bats
  4 giant cockroaches
  5 goblins
  3 hobgoblins
  7 kobolds
  2 quokkas
  7 frilled lizards
  A goblin skeleton (D:6)
  A goblin zombie (D:6)
  3 hobgoblin zombies (D:6)
  A jackal skeleton (D:4)
  A kobold skeleton (D:6)
  A quokka skeleton (D:5)
  9 rats
109 creatures vanquished.

Notes
Turn   | Place    | Note
-------+----------+-------------------------------------------
     0 | D:1      | Peloso the Minotaur Fighter began the quest for the Orb.
     0 | D:1      | Reached XP level 1. HP: 19/19 MP: 0/0
    54 | D:1      | Reached XP level 2. HP: 26/27 MP: 1/1
   443 | D:1      | Reached skill level 3 in Long Blades
   591 | D:2      | Reached XP level 3. HP: 26/33 MP: 2/2
  1514 | D:3      | Found a glowing silver altar of Zin.
  1519 | D:3      | Reached XP level 4. HP: 35/40 MP: 3/3
  1543 | D:3      | You fall into a shaft and drop 1 floor!
  1543 | D:4      | Found a bloodstained altar of Trog.
  1543 | D:4      | Found a sparkling altar of Nemelex Xobeh.
  1543 | D:4      | Found a sacrificial altar of Ru.
  1626 | D:4      | Found a hazy altar of Hepliaklqana.
  1653 | D:4      | Reached skill level 1 in Dodging
  1663 | D:4      | Reached skill level 4 in Long Blades
  1663 | D:4      | Reached XP level 5. HP: 22/46 MP: 4/4
  1997 | D:4      | Reached skill level 5 in Long Blades
  2006 | D:4      | Reached XP level 6. HP: 7/53 MP: 5/5
  2337 | D:4      | Reached skill level 5 in Armour
  2337 | D:4      | Reached skill level 5 in Shields
  2443 | D:4      | Noticed Edmund
  2466 | D:4      | Killed Edmund
  2466 | D:4      | Reached skill level 6 in Long Blades
  2526 | D:4      | Found a shimmering altar of Xom.
  2592 | D:4      | Found Ythiy's Book Shop.
  2966 | D:3      | Reached XP level 7. HP: 60/60 MP: 6/6
  3032 | D:3      | Found a faded altar of an unknown god.
  3104 | D:3      | Found a shimmering blue altar of Sif Muna.
  3165 | D:5      | Entered Level 5 of the Dungeon
  3178 | D:5      | Reached skill level 5 in Fighting
  3557 | D:5      | Reached skill level 7 in Long Blades
  4251 | D:5      | Noticed Sigmund
  4267 | D:5      | Killed Sigmund
  4415 | D:6      | Found a staircase to the Ecumenical Temple.
  4441 | Temple   | Entered the Ecumenical Temple
  4652 | Temple   | Became a worshipper of Warmaster Okawaru
  4714 | D:5      | Reached XP level 8. HP: 21/69 MP: 7/7
  4958 | D:5      | Reached skill level 8 in Long Blades
  5224 | D:6      | Found Elaothru's Food Emporium.
  5258 | D:6      | Identified the amulet "Zunan" {RegenMP rPois MP-9 Dex+9
                  | Stlth+}
  5261 | D:6      | Found a glowing golden altar of the Shining One.
  5273 | D:6      | Killed from afar by an orc priest

Levels and vault maps discovered:
D:1:      grunt_arrival_crossed_arrows, layout_loops_ring, minmay_ruptured
D:2:      layout_basic, serial_forest, infiniplex_forest_corner_2,
          infiniplex_forest_lined_2, infiniplex_forest_3_way,
          infiniplex_forest_lined_corner, infiniplex_forest_straight_2,
          infiniplex_forest_diagonal, infiniplex_forest_lined_2
D:3:      layout_rooms, lemuel_blue_sif_altar, zin_academy,
          chequers_ecumenical_altar_twisty, first_ration,
          kennysheep_another_room
D:4:      layout_loops_ring, old_standard_altar, kennysheep_mini_moat,
          chequers_temple_overflow_statue_of_worship, serial_shops, shop,
          uniq_edmund
D:5:      layout_layer_cave, serial_bayou_lagoon_b, uniq_sigmund
D:6:      layout_rooms, nicolae_qazlal_general_emergency,
          minmay_temple_entry_sparse_star, serial_shops,
          nicolae_shop_waterfront, nicolae_tso_besieged_by_evil
Temple:   nicolae_temple_figure_eight

Skill      XL: |  1  2  3  4  5  6  7  8 |
---------------+-------------------------+-----
Armour         | 4 5 6 |  6.9
Shields        | 4 5 6 |  6.6
Long Blades    | 3 4 5 6 7 8 |  8.2
Fighting       | 4 5 |  5.5
Dodging        | 1 |  1.7
Stealth        | |  0.2

Action                   |  1- 3 |  4- 6 |  7- 9 || total
-------------------------+-------+-------+-------++-------
Melee: Long sword        |    86 |   140 |   149 ||   375
       Headbutt          |    10 |    19 |    31 ||    60
Evoke: Wand              |       |       |     1 ||     1
  Use: Potion            |     5 |     1 |       ||     6
       Scroll            |     5 |       |     2 ||     7
  Eat: Chunk             |     2 |     1 |     8 ||    11
       Ration            |       |     1 |       ||     1
Armor: Scale mail        |    31 |       |       ||    31
       Chain mail        |    34 |    48 |    69 ||   151
Dodge: Dodged            |    29 |    27 |    47 ||   103
Block: Shield            |    54 |    75 |   104 ||   233
       Rpst.: Long sword |     5 |     6 |    10 ||    21
